TOP OF THE 1ST |
San Francisco (APP) Giants batting - Pitching for Grand Junction Rockies : LHP Mike Pierce
|
Pitching: LHP Mike Pierce
|
|
Batting: RHB Ryan Bentz
|
0-0: Called Strike 0-1: Ground out U3 (Groundball, 3, EV 87.5 MPH)
|
Batting: RHB Pedro Quezada
|
0-0: Ball 1-0: Ball 2-0: Ball 3-0: Base on Balls
|
Batting: RHB Edwin Verdugo
|
0-0: Ball 1-0: Called Strike 1-1: Grounds into double play, 5-4-3 (Groundball, 56, EV 86.2 MPH)
|
Top of the 1st over - 0 runs, 0 hits, 0 errors, 0 left on base; San Francisco (APP) 0 - Grand Junction 0 |
BOTTOM OF THE 1ST |
Grand Junction Rockies batting - Pitching for San Francisco (APP) Giants : LHP Hector Jimenez
|
Pitching: LHP Hector Jimenez
|
|
Batting: RHB Juan Figueroa
|
0-0: Called Strike 0-1: Swinging Strike 0-2: Ball 1-2: Strikes out swinging
|
Batting: LHB Luke Coulter
|
0-0: Called Strike 0-1: Fly out, F8 (Flyball, 78M, EV 89.4 MPH)
|
Batting: RHB John Boyer
|
0-0: Ball 1-0: Called Strike 1-1: Ground out 4-3 (Groundball, 4, EV 85.0 MPH)
|
Bottom of the 1st over - 0 runs, 0 hits, 0 errors, 0 left on base; San Francisco (APP) 0 - Grand Junction 0 |
TOP OF THE 2ND |
San Francisco (APP) Giants batting - Pitching for Grand Junction Rockies : LHP Mike Pierce
|
Batting: RHB Brian Rogers
|
0-0: Called Strike 0-1: Ball 1-1: Ground out 6-3 (Groundball, 6, EV 83.1 MPH)
|
Batting: RHB Jason Gregor
|
0-0: Foul Ball, location: 2F 0-1: Swinging Strike 0-2: Ground out 6-3 (Groundball, 6D, EV 91.2 MPH)
|
Batting: RHB Teruhide Horiuchi
|
0-0: SINGLE (Groundball, 56D, EV 106.9 MPH)
|
Batting: RHB Billy Pranger
|
0-0: Ball 1-0: Ball 2-0: Called Strike 2-1: Fielders Choice at 2nd, 5-4 (Groundball, 56, EV 101.9 MPH)
|
Top of the 2nd over - 0 runs, 1 hit, 0 errors, 1 left on base; San Francisco (APP) 0 - Grand Junction 0 |
BOTTOM OF THE 2ND |
Grand Junction Rockies batting - Pitching for San Francisco (APP) Giants : LHP Hector Jimenez
|
Batting: RHB Chris Osting
|
0-0: Ball 1-0: Foul Ball, location: 2F 1-1: Ball 2-1: Ground out 6-3 (Groundball, 56D, EV 78.8 MPH)
|
Batting: SHB Jeff Sorrels
|
0-0: Ball 1-0: Ball 2-0: Swinging Strike 2-1: Foul Ball, location: 2F 2-2: Foul Ball, location: 2F 2-2: Ball 3-2: SOLO HOME RUN (Line Drive, 78XD, EV 116.2 MPH), Distance : 440 ft
|
Batting: RHB John Stevenson
|
0-0: Foul Ball, location: 2F 0-1: Fly out, F8 (Line Drive, 89M, EV 110.6 MPH)
|
Batting: SHB Jamie Mims
|
0-0: Ball 1-0: Fly out, F8 (Line Drive, 8RM, EV 103.1 MPH)
|
Bottom of the 2nd over - 1 run, 1 hit, 0 errors, 0 left on base; San Francisco (APP) 0 - Grand Junction 1 |
TOP OF THE 3RD |
San Francisco (APP) Giants batting - Pitching for Grand Junction Rockies : LHP Mike Pierce
|
Batting: RHB Bob Schweiger
|
0-0: Called Strike 0-1: Called Strike 0-2: Ball 1-2: Ball 2-2: Strikes out looking
|
Batting: RHB Josh Truell
|
0-0: Ball 1-0: Ball 2-0: Called Strike 2-1: Swinging Strike 2-2: Foul Ball, location: 2F 2-2: Ball 3-2: Base on Balls
|
Batting: RHB Ryan Bentz
|
0-0: Ball 1-0: Ball 2-0: Ball 3-0: Base on Balls Josh Truell to second
|
Batting: RHB Pedro Quezada
|
0-0: Ball 1-0: Ball 2-0: Foul Ball, location: 2F 2-1: Ball 3-1: Base on Balls Josh Truell to third Ryan Bentz to second
|
Batting: RHB Edwin Verdugo
|
0-0: Swinging Strike 0-1: Ball 1-1: Fly out, F9 (Flyball, 9D, EV 108.1 MPH)
|
Batting: RHB Brian Rogers
|
0-0: Foul Ball, location: 2F 0-1: Ball 1-1: Ball Balk! Josh Truell scores Ryan Bentz to third Pedro Quezada to second 2-1: Ball 3-1: Base on Balls
|
Batting: RHB Jason Gregor
|
0-0: Swinging Strike 0-1: Ball 1-1: Swinging Strike 1-2: Ball 2-2: Strikes out swinging
|
Top of the 3rd over - 1 run, 0 hits, 0 errors, 3 left on base; San Francisco (APP) 1 - Grand Junction 1 |
BOTTOM OF THE 3RD |
Grand Junction Rockies batting - Pitching for San Francisco (APP) Giants : LHP Hector Jimenez
|
Batting: RHB Willie Benito
|
0-0: Foul Ball, location: 2F 0-1: Foul Ball, location: 2F 0-2: Ball 1-2: Ball 2-2: SINGLE (Groundball, 56, EV 98.8 MPH)
|
Batting: RHB Randy Breitbart
|
0-0: Called Strike 0-1: Foul Ball, location: 2F 0-2: Foul Ball, location: 2F 0-2: Ball 1-2: Foul Ball, location: 2F 1-2: Foul Ball, location: 2F 1-2: 2-RUN HOME RUN (Flyball, 7D, EV 94.4 MPH), Distance : 370 ft
|
Batting: RHB Juan Figueroa
|
0-0: Called Strike 0-1: SINGLE (Flyball, 8LS, EV 98.8 MPH) - OUT at second base trying to stretch hit.
|
Batting: LHB Luke Coulter
|
0-0: Called Strike 0-1: Called Strike 0-2: Foul Ball, location: 2F 0-2: Foul Ball, location: 2F 0-2: Ground out 1-3 (Groundball, 13S, EV 75.0 MPH)
|
Batting: RHB John Boyer
|
0-0: Foul Ball, location: 2F 0-1: Fly out, F8 (Flyball, 8LM, EV 87.5 MPH)
|
Bottom of the 3rd over - 2 runs, 3 hits, 0 errors, 0 left on base; San Francisco (APP) 1 - Grand Junction 3 |
TOP OF THE 4TH |
San Francisco (APP) Giants batting - Pitching for Grand Junction Rockies : LHP Mike Pierce
|
Batting: RHB Teruhide Horiuchi
|
0-0: Called Strike 0-1: Ball 1-1: Ball 2-1: Foul Ball, location: 2F 2-2: Fly out, F7 (Flyball, 7, EV 96.2 MPH)
|
Batting: RHB Billy Pranger
|
0-0: Ball 1-0: Ball 2-0: Foul Ball, location: 2F 2-1: Called Strike 2-2: Strikes out looking
|
Batting: RHB Bob Schweiger
|
0-0: Ball 1-0: Ball 2-0: Ball 3-0: Base on Balls
|
Batting: RHB Josh Truell
|
0-0: Ball 1-0: Ball 2-0: Called Strike 2-1: Fly out, F4 (Popup, 34D, EV 56.9 MPH)
|
Top of the 4th over - 0 runs, 0 hits, 0 errors, 1 left on base; San Francisco (APP) 1 - Grand Junction 3 |
BOTTOM OF THE 4TH |
Grand Junction Rockies batting - Pitching for San Francisco (APP) Giants : LHP Hector Jimenez
|
Batting: RHB Chris Osting
|
0-0: Ball 1-0: Swinging Strike 1-1: Fly out, F8 (Flyball, 8RM, EV 87.5 MPH)
|
Batting: SHB Jeff Sorrels
|
0-0: Ball 1-0: Ball 2-0: Ball 3-0: Called Strike 3-1: Base on Balls
|
Batting: RHB John Stevenson
|
0-0: Ball 1-0: Foul Ball, location: 2F 1-1: Foul Ball, location: 2F 1-2: Foul Ball, location: 2F 1-2: Fly out, F9 (Flyball, 9LM, EV 84.4 MPH)
|
Batting: SHB Jamie Mims
|
0-0: Called Strike 0-1: SINGLE (Groundball, 56D, EV 103.1 MPH) Jeff Sorrels to second
|
Batting: RHB Willie Benito
|
0-0: Called Strike 0-1: Foul Ball, location: 2F 0-2: Strikes out looking
|
Bottom of the 4th over - 0 runs, 1 hit, 0 errors, 2 left on base; San Francisco (APP) 1 - Grand Junction 3 |
TOP OF THE 5TH |
San Francisco (APP) Giants batting - Pitching for Grand Junction Rockies : LHP Mike Pierce
|
Batting: RHB Ryan Bentz
|
0-0: Ball 1-0: Called Strike 1-1: Called Strike 1-2: Ball 2-2: Foul Ball, location: 2F 2-2: Ball 3-2: Foul Ball, location: 2F 3-2: DOUBLE (Line Drive, 3D, EV 94.4 MPH)
|
Pitching: RHP David Landa
|
|
Batting: RHB Pedro Quezada
|
0-0: Foul Ball, location: 2F 0-1: Called Strike Ryan Bentz steals 3rd base 0-2: Ball 1-2: Foul Ball, location: 2F 1-2: Ground out 6-3 (Groundball, 6, EV 103.1 MPH)
|
Batting: RHB Edwin Verdugo
|
0-0: Ball 1-0: SINGLE (Groundball, 4, EV 99.4 MPH) Ryan Bentz scores
|
Pitching: RHP Josh Blaschke
|
|
Batting: RHB Brian Rogers
|
0-0: Ball 1-0: Called Strike Edwin Verdugo steals 2nd base 1-1: SINGLE (Groundball, 6MD, EV 106.2 MPH) Edwin Verdugo to third Runner from 3rd tries for Home, throw by CF and OUT! 8-2 Brian Rogers to second
|
Batting: RHB Jason Gregor
|
0-0: Foul Ball, location: 2F 0-1: Hit by Pitch
|
Batting: RHB Teruhide Horiuchi
|
0-0: Called Strike 0-1: Ball 1-1: Ball 2-1: Ball 3-1: Ground out U3 (Groundball, 3, EV 88.8 MPH)
|
Top of the 5th over - 1 run, 3 hits, 0 errors, 2 left on base; San Francisco (APP) 2 - Grand Junction 3 |
BOTTOM OF THE 5TH |
Grand Junction Rockies batting - Pitching for San Francisco (APP) Giants : LHP Hector Jimenez
|
Batting: RHB Randy Breitbart
|
0-0: Foul Ball, location: 2F 0-1: SINGLE (Groundball, 56D, EV 94.4 MPH)
|
Batting: RHB Juan Figueroa
|
0-0: Called Strike 0-1: Called Strike 0-2: Ball 1-2: Foul Ball, location: 2F 1-2: Foul Ball, location: 2F 1-2: SINGLE (Groundball, 4MD, EV 96.9 MPH) Randy Breitbart to second
|
Batting: LHB Luke Coulter
|
0-0: Ball 1-0: Called Strike 1-1: Ball 2-1: Ball 3-1: Fly out, F8 (Line Drive, 8RD, EV 90.0 MPH)
|
Batting: RHB John Boyer
|
0-0: Ball 1-0: Called Strike 1-1: Ball 2-1: Ball 3-1: Foul Ball, location: 2F 3-2: Foul Ball, location: 2F 3-2: Foul Ball, location: 2F 3-2: SINGLE (Groundball, 6D, EV 106.2 MPH) Randy Breitbart to third Juan Figueroa to second Runner from 3rd tries for Home, throw by CF and OUT! 8-2
|
Batting: RHB Chris Osting
|
0-0: Ball 1-0: Ball 2-0: Swinging Strike 2-1: Swinging Strike 2-2: Ball 3-2: Foul Ball, location: 2F 3-2: SINGLE (Groundball, 4D, EV 106.9 MPH) Juan Figueroa to third John Boyer to second Juan Figueroa scores John Boyer to third
|
Batting: SHB Jeff Sorrels
|
0-0: Ball 1-0: Ball 2-0: Called Strike 2-1: Foul Ball, location: 2F 2-2: Ball 3-2: SINGLE (Flyball, 89S, EV 91.9 MPH) John Boyer scores Chris Osting to second Chris Osting to third
|
Pitching: RHP Jonathan Simi
|
|
Batting: RHB John Stevenson
|
0-0: Fielders Choice at 2nd, 6-4 (Groundball, 6, EV 83.1 MPH)
|
Bottom of the 5th over - 2 runs, 5 hits, 0 errors, 2 left on base; San Francisco (APP) 2 - Grand Junction 5 |
TOP OF THE 6TH |
San Francisco (APP) Giants batting - Pitching for Grand Junction Rockies : RHP Josh Blaschke
|
Batting: RHB Billy Pranger
|
0-0: Called Strike 0-1: Ball 1-1: Foul Ball, location: 2F 1-2: Foul Ball, location: 2F 1-2: Foul Ball, location: 2F 1-2: Foul Ball, location: 2F 1-2: SOLO HOME RUN (Flyball, 7D, EV 97.5 MPH), Distance : 389 ft
|
Batting: RHB Bob Schweiger
|
0-0: Ball 1-0: Foul Ball, location: 2F 1-1: Ball 2-1: Foul Ball, location: 2F 2-2: Foul Ball, location: 2F 2-2: Ball 3-2: Ground out 6-3 (Groundball, 6, EV 90.0 MPH)
|
Batting: RHB Josh Truell
|
0-0: Ball 1-0: Called Strike 1-1: Foul Ball, location: 2F 1-2: Strikes out swinging
|
Batting: RHB Ryan Bentz
|
0-0: Foul Ball, location: 2F 0-1: Ground out 4-3 (Groundball, 4, EV 84.4 MPH)
|
Top of the 6th over - 1 run, 1 hit, 0 errors, 0 left on base; San Francisco (APP) 3 - Grand Junction 5 |
BOTTOM OF THE 6TH |
Grand Junction Rockies batting - Pitching for San Francisco (APP) Giants : RHP Jonathan Simi
|
Batting: SHB Jamie Mims
|
0-0: Ball 1-0: Swinging Strike 1-1: Ball 2-1: Ball 3-1: Swinging Strike 3-2: Strikes out looking
|
Batting: RHB Willie Benito
|
0-0: Foul Ball, location: 2F 0-1: Fly out, F8 (Line Drive, 78M, EV 95.0 MPH)
|
Batting: RHB Randy Breitbart
|
0-0: Ball 1-0: Called Strike 1-1: Fly out, F9 (Flyball, 89S, EV 85.0 MPH)
|
Bottom of the 6th over - 0 runs, 0 hits, 0 errors, 0 left on base; San Francisco (APP) 3 - Grand Junction 5 |
TOP OF THE 7TH |
San Francisco (APP) Giants batting - Pitching for Grand Junction Rockies : RHP Josh Blaschke
|
Pitching: RHP Zi-cheng Zhou
|
|
Batting: RHB Pedro Quezada
|
0-0: Ball 1-0: Ball 2-0: Ground out 6-3 (Groundball, 6S, EV 59.4 MPH)
|
Batting: RHB Edwin Verdugo
|
0-0: Ball 1-0: Ground out U3 (Groundball, 3S, EV 90.0 MPH)
|
Batting: RHB Brian Rogers
|
0-0: Foul Ball, location: 2F 0-1: Swinging Strike 0-2: Foul Ball, location: 2F 0-2: Ball 1-2: Foul Ball, location: 2F 1-2: Ball 2-2: Ball 3-2: Fly out, F7 (Flyball, 7, EV 85.6 MPH)
|
Top of the 7th over - 0 runs, 0 hits, 0 errors, 0 left on base; San Francisco (APP) 3 - Grand Junction 5 |
BOTTOM OF THE 7TH |
Grand Junction Rockies batting - Pitching for San Francisco (APP) Giants : RHP Jonathan Simi
|
Pitching: RHP Danny MacKinnon
|
|
Batting: RHB Juan Figueroa
|
0-0: Called Strike 0-1: Ball 1-1: Ground out 6-3 (Groundball, 6, EV 82.5 MPH)
|
Batting: LHB Luke Coulter
|
0-0: Foul Ball, location: 2F 0-1: Foul Ball, location: 2F 0-2: Ball 1-2: SOLO HOME RUN (Line Drive, 9LD, EV 94.4 MPH), Distance : 358 ft
|
Batting: RHB John Boyer
|
0-0: Called Strike 0-1: DOUBLE (Line Drive, 89XD, EV 102.5 MPH)
|
Batting: RHB Chris Osting
|
0-0: Ball 1-0: Fly out, F7 (Flyball, 78D, EV 93.8 MPH)
|
Batting: SHB Jeff Sorrels
|
0-0: Intentional Walk
|
Batting: RHB John Stevenson
|
0-0: Ball 1-0: Ball 2-0: Foul Ball, location: 2F 2-1: Called Strike 2-2: Foul Ball, location: 2F 2-2: Strikes out looking
|
Bottom of the 7th over - 1 run, 2 hits, 0 errors, 2 left on base; San Francisco (APP) 3 - Grand Junction 6 |
TOP OF THE 8TH |
San Francisco (APP) Giants batting - Pitching for Grand Junction Rockies : RHP Zi-cheng Zhou
|
Now in LF: Ray Insley
|
|
Batting: RHB Jason Gregor
|
0-0: Called Strike 0-1: Called Strike 0-2: Strikes out swinging
|
Batting: RHB Teruhide Horiuchi
|
0-0: SINGLE (Groundball, 34D, EV 99.4 MPH)
|
Batting: RHB Billy Pranger
|
0-0: Ball 1-0: Ball 2-0: 2-RUN HOME RUN (Flyball, 9LD, EV 94.4 MPH), Distance : 344 ft
|
Batting: RHB Bob Schweiger
|
0-0: Ball 1-0: Swinging Strike 1-1: Ball 2-1: Foul Ball, location: 2F 2-2: Strikes out swinging
|
Pinch Hitting: LHB Nate Conley
|
0-0: Called Strike 0-1: Ball 1-1: Called Strike 1-2: Foul Ball, location: 2F 1-2: Foul Ball, location: 2F 1-2: Ball 2-2: Foul Ball, location: 2F 2-2: SINGLE (Popup, 5D, EV 67.5 MPH)
|
Pitching: RHP Gorgonio Sigua
|
|
Batting: RHB Ryan Bentz
|
0-0: Ball 1-0: Called Strike 1-1: Foul Ball, location: 2F 1-2: Foul Ball, location: 2F 1-2: Fly out, F6 (Line Drive, 56D, EV 70.6 MPH)
|
Top of the 8th over - 2 runs, 3 hits, 0 errors, 1 left on base; San Francisco (APP) 5 - Grand Junction 6 |
BOTTOM OF THE 8TH |
Grand Junction Rockies batting - Pitching for San Francisco (APP) Giants : RHP Danny MacKinnon
|
Pitching: LHP Jimmy Heinecke
|
|
Now at 2B: Coen Dirks
|
|
Batting: SHB Jamie Mims
|
0-0: Ball 1-0: Ground out 6-3 (Groundball, 6, EV 108.1 MPH)
|
Batting: RHB Willie Benito
|
0-0: Ball 1-0: Ball 2-0: Called Strike 2-1: Ball 3-1: Swinging Strike 3-2: Foul Ball, location: 2F 3-2: Strikes out swinging
|
Batting: RHB Randy Breitbart
|
0-0: Ball 1-0: Reached on error, E6 (Groundball, 6, EV 85.6 MPH)
|
Batting: RHB Juan Figueroa
|
0-0: Swinging Strike 0-1: Ball 1-1: Ball 2-1: Foul Ball, location: 2F 2-2: Foul Ball, location: 2F 2-2: Strikes out swinging
|
Bottom of the 8th over - 0 runs, 0 hits, 1 error, 1 left on base; San Francisco (APP) 5 - Grand Junction 6 |
TOP OF THE 9TH |
San Francisco (APP) Giants batting - Pitching for Grand Junction Rockies : RHP Gorgonio Sigua
|
Pitching: RHP Bobby Servin
|
|
Pinch Hitting: LHB Takaaki Nishimoto
|
0-0: Ball 1-0: Ball 2-0: Ball 3-0: Base on Balls
|
Batting: RHB Edwin Verdugo
|
0-0: Fly out, F9 (Flyball, 9, EV 93.1 MPH)
|
Batting: RHB Brian Rogers
|
0-0: Ball 1-0: Called Strike 1-1: 2-RUN HOME RUN (Flyball, 7LD, EV 94.4 MPH), Distance : 340 ft
|
Batting: RHB Jason Gregor
|
0-0: Called Strike 0-1: Ball 1-1: Foul Ball, location: 2F 1-2: Ball 2-2: Foul Ball, location: 2F 2-2: Strikes out swinging
|
Batting: RHB Teruhide Horiuchi
|
0-0: Swinging Strike 0-1: Called Strike 0-2: Ball 1-2: Ground out 6-3 (Groundball, 6M, EV 93.1 MPH)
|
Top of the 9th over - 2 runs, 1 hit, 0 errors, 0 left on base; San Francisco (APP) 7 - Grand Junction 6 |
BOTTOM OF THE 9TH |
Grand Junction Rockies batting - Pitching for San Francisco (APP) Giants : LHP Jimmy Heinecke
|
Now in LF: Takaaki Nishimoto
|
|
Batting: LHB Luke Coulter
|
0-0: Swinging Strike 0-1: Swinging Strike 0-2: Foul Ball, location: 2F 0-2: Foul Ball, location: 2F 0-2: Ball 1-2: Strikes out swinging
|
Batting: RHB John Boyer
|
0-0: Called Strike 0-1: Swinging Strike 0-2: Ground out 6-3 (Groundball, 6S, EV 81.9 MPH)
|
Batting: RHB Ray Insley
|
0-0: Ball 1-0: Called Strike 1-1: Swinging Strike 1-2: Ball 2-2: Foul Ball, location: 2F 2-2: Strikes out swinging
|
Bottom of the 9th over - 0 runs, 0 hits, 0 errors, 0 left on base; San Francisco (APP) 7 - Grand Junction 6 |
|